 Dungeon Crawl Stone Soup version 0.26.1-11-gd32895ea62 (console) character file.

Game seed: 1362454250174756926

101532 erker the Transmogrifier (level 16, -4/156 (160) HPs)
             Began as an Octopode Transmuter on June 18, 2021.
             Was a High Priest of Cheibriados.
             Shot with an arrow by a centaur warrior (20 damage)
             ... on level 13 of the Dungeon on June 23, 2021.
             The game lasted 03:45:47 (37325 turns).

erker the Transmogrifier (Octopode Transmuter)     Turns: 37325, Time: 03:45:47

HP:   -4/156 (160)  AC: 16    Str: 36    XL:     16   Next: 30%
MP:   29/30         EV: 12    Int: 37    God:    Cheibriados [*****.]
Gold: 2145          SH:  5    Dex: 27    Spells: 4/35 levels left

rFire    + + +     SeeInvis .     - Unarmed
rCold    x . .     Faith    .   (shield currently unavailable)
rNeg     + + .     Spirit   .   (helmet currently unavailable)
rPois    +         Reflect  +   i - amulet of reflection
rElec    .         Harm     .   o - ring of positive energy
rCorr    .         Rampage  .   k - ring of Ixerharr {rPois rN+}
Will     +....     Rnd*Rage +   M - ring "Avumuash" {rF+ Str+4 Int+3}
Stlth    ++++++....             X - ring of wizardry
HPRegen  0.36/turn              Y - ring "Mefif" {Slay+3 Stlth+}
MPRegen  0.22/turn              (no ring)
                                (no ring)
                                (no ring)

@: dragon-form, flying, studying Short Blades, lightly drained, very slow
A: giant, almost no armour, stealthy swim, amphibious, 8 rings, (constrict 8),
berserk 1
a: Breathe Fire, Stop Flying, End Transformation, Renounce Religion, Bend Time,
Temporal Distortion, Slouch, Step From Time


You were on level 13 of the Dungeon.
You worshipped Cheibriados.
Cheibriados was extremely pleased with you.
You were a fearsome dragon!
You visited 5 branches of the dungeon, and saw 24 of its levels.
You also visited: Gauntlet and Ice Cave.

You collected 3055 gold pieces.
You spent 910 gold pieces at shops.

Inventory:

Hand Weapons
 w - a +4 dagger of venom
 y - the +10 trident "Iwnys" {freeze, +Fly rElec rC-}
   (You found it on level 9 of the Dungeon)

   It has been specially enchanted to freeze those struck by it, causing extra
   injury to most foes and up to half again as much damage against particularly
   susceptible opponents.
   It can also slow down cold-blooded creatures.
   It makes you vulnerable to cold.
   It insulates you from electricity.
   It lets you fly.
 J - the +8 demon blade "Leech" {vamp, *Rage +Rage rN+}
   (You found it in an ice cave)

   It inflicts no extra harm, but heals its wielder when it wounds a living foe.
   It protects you from negative energy.
   It lets you go berserk.
   It may make you go berserk in combat.
Missiles
 p - 76 poisoned darts (quivered)
Armour
 u - a +2 hat (melded)
 I - a +0 buckler of cold resistance (melded)
Magical Staves
 B - an uncursed staff of cold (melded)
Jewellery
 i - an amulet of reflection (around neck)
 k - the ring of Ixerharr (right foreclaw) {rPois rN+}
   (You took it off a gnoll on level 7 of the Dungeon)

   [ring of positive energy]

   It protects you from poison.
   It protects you from negative energy.
 o - a ring of positive energy (left foreclaw)
 H - an uncursed amulet of faith
 M - the ring "Avumuash" (on tentacle) {rF+ Str+4 Int+3}
   (You acquired it on level 6 of the Lair of Beasts)

   [ring of protection from fire]

   It affects your strength (+4).
   It affects your intelligence (+3).
   It protects you from fire.
 O - an uncursed ring of protection from fire {unknown}
 V - the ring of Sunlight {*Tele Will+ Str+3 Dex-3 SInv}
   (You found it in a Gauntlet)

   [ring of teleportation]

   It may teleport you next to monsters.
   It affects your strength (+3).
   It affects your dexterity (-3).
   It affects your willpower, your defense against some magical effects.
   It lets you see invisible.
 X - a ring of wizardry (on tentacle)
 Y - the ring "Mefif" (on tentacle) {Slay+3 Stlth+}
   (You acquired it on level 6 of the Lair of Beasts)

   [ring of stealth]

   It affects your accuracy and damage with ranged weapons and melee attacks
   (+3).
   It makes you more stealthy.
Wands
 c - a wand of polymorph (21)
 f - a wand of iceblast (12)
 q - a wand of flame (41)
 t - a wand of paralysis (28)
 D - a wand of disintegration (16)
 K - a wand of acid (12)
 Z - a wand of digging (5)
Scrolls
 a - 7 scrolls of magic mapping
 b - 7 scrolls of amnesia
 d - 7 scrolls of immolation
 h - 7 scrolls of remove curse
 l - a scroll of fear
 r - 5 scrolls of identify
 v - 2 scrolls of brand weapon {unknown}
 x - 5 scrolls of teleportation
 A - a scroll of vulnerability
 E - 5 scrolls of enchant armour
 F - a scroll of silence
 N - a scroll of torment {unknown}
 P - 3 scrolls of fog
Potions
 e - a potion of might
 g - 3 potions of brilliance
 j - 2 potions of ambrosia
 m - 2 potions of haste
 n - 4 potions of resistance
 s - 5 potions of curing
 C - 2 potions of attraction
 G - 3 potions of magic
 L - 4 potions of flight
Books
 S - a manual of Short Blades
Miscellaneous
 z - a lightning rod (4/4)
 R - a phial of floods
 T - a condenser vane


   Skills:
 - Level 8.8 Fighting
 - Level 8.0 Dodging
 - Level 8.0 Stealth
 - Level 4.0 Shields
 - Level 10.0 Unarmed Combat
 - Level 10.0 Spellcasting
 - Level 8.0 Conjurations
 - Level 4.0 Summonings
 - Level 2.0 Translocations
 - Level 12.0 Transmutations
 - Level 10.0 Ice Magic
 - Level 4.0 Air Magic
 + Level 7.6 Earth Magic
 - Level 4.0 Poison Magic
 - Level 8.0 Invocations
 - Level 4.0 Evocations


You had 4 spell levels left.
You knew the following spells:

 Your Spells              Type           Power        Failure   Level
a - Apportation           Tloc           66%          1%          1
d - Dragon Form           Tmut           41%          5%          7
f - Freezing Cloud        Conj/Ice/Air   32%          7%          6
l - Summon Lightning Spi  Summ/Air       48%          1%          4
m - Mephitic Cloud        Conj/Pois/Air  55%          1%          3
s - Statue Form           Tmut/Erth      49%          2%          6
y - Ice Form              Ice/Tmut       79%          1%          4

Your spell library contained the following spells:

 Spells                   Type           Power        Failure   Level
 Beastly Appendage        Tmut           100%         0%          1
 Wereblood                Tmut           82%          0%          2
 Animate Skeleton         Necr           36%          1%          1
 Corona                   Hex            20%          1%          1
 Foxfire                  Conj/Fire      100%         1%          1
 Shock                    Conj/Air       100%         1%          1
 Sting                    Tmut/Pois      100%         1%          1
 Summon Small Mammal      Summ           100%         1%          1
 Poisonous Vapours        Pois/Air       96%          1%          2
 Conjure Flame            Conj/Fire      48%          1%          3
 Ignite Poison            Fire/Tmut/Pois 55%          1%          3
 Spider Form              Tmut/Pois      33%          1%          3
 Static Discharge         Conj/Air       58%          1%          3
 Olgreb's Toxic Radiance  Pois           48%          1%          4
 Cause Fear               Hex            9%           9%          4
 Blade Hands              Tmut           41%          1%          5
 Irradiate                Conj/Tmut      37%          1%          5
 Hydra Form               Tmut           41%          1%          6
 Conjure Ball Lightning   Conj/Air       29%          12%         6
 Dragon's Call            Summ           24%          100%        9


Dungeon Overview and Level Annotations

Branches:
Dungeon (13/15)            Temple (1/1) D:6            Lair (6/6) D:9
 Shoals (0/4) Lair:3        Snake (2/4) Lair:2        Slime (0/5) Lair:6
    Orc (2/2) D:9             Elf (0/3) Orc:2         IceCv (visited)
Gauntlet (visited)
 Vaults: D:13-14

Altars:
Ashenzari
Cheibriados
Dithmenos
Elyvilon
Fedhas
Gozag
Hepliaklqana
Kikubaaqudgha
Makhleb
Nemelex Xobeh
Okawaru
Qazlal
Ru
Sif Muna
Trog
Uskayaw
Vehumet
Wu Jian
Xom
Yredelemnul
Zin
The Shining One
Beogh
Jiyva

Shops:
D:4 [(   D:12 ?   Orc:2 :*:!   Snake:1 *

Annotations:
Lair:1 exclusion: door
Lair:2 2 transporters, Qeibes's ghost, journeyman SpEn
Lair:3 exclusion: 4 oklob plants
Lair:4 exclusion: hydra
Lair:6 exclusion: hydra


Innate Abilities, Weirdness & Mutations

You cannot wear most types of armour.
You are very stealthy in the water. (Stealth+)
You are amphibious.
You can wear up to eight rings at the same time.
((You can use your tentacles to constrict eight enemies at once.))
((Your skin changes colour to match your surroundings (Stealth+).))
((Your rubbery body absorbs attacks. (AC +1, EV +1)))
((You have a pair of small antennae on your head.))
You tend to lose your temper in combat.


Message History

The basilisk bites you but does no damage.
The centaur warrior completely misses you.
Press: ? - help, v - describe, . - travel
Here: a skeletal warrior, wielding a +0 halberd The floor.
Blink to where?
Press: ? - help, Dir - move target
As you read the scroll of blinking, it crumbles to dust.
The centaur warrior wields a +0 longbow.
The centaur warrior shoots an arrow.
The arrow hits you.
* * * LOW HITPOINT WARNING * * *
The centaur warrior shoots an arrow.
The arrow hits you!
* * * LOW HITPOINT WARNING * * *
You see here 2 arrows.
The centaur warrior shoots an arrow.
The arrow hits you!
* * * LOW HITPOINT WARNING * * *
There is a stone staircase leading up, spattered with blood here.
You see here an arrow.
You feel better.
The centaur warrior shoots an arrow.
The arrow hits you!!
You die...

####### #.....#
##.....#####
####...†.......
..........#####
..............#
.......<.D..c.#
...##########.#
.. .[........##
. ##........##
#$.........###
#............#
#..........#.#
#.....†.cz.#...
#......l§).# ..


You could see a centaur warrior.

Vanquished Creatures
  3 nagarajas (Snake:2)
  The ghost of Wekaw the Ruinous, an adept DECj of Sif Muna (Snake:2)
  A reaper (IceCv)
  A minotaur (Gauntlet)
  Snorg (D:10)
  A death ooze (Gauntlet)
  A fire dragon (Lair:6)
  2 naga warriors (Snake:2)
  3 ogre magi (Orc:2)
  3 boulder beetles
  The ghost of MisterFreud the Fighter, a journeyman GnAK of Lugonu (D:10)
  2 hydras
  3 anacondas
  A death knight (D:11)
  17 two-headed ogres
  2 catoblepae
  2 orc high priests
  Urug (Lair:2)
  2 naga sharpshooters
  The ghost of Soul3d the Nimble, a novice DEIE of Vehumet (D:9)
  A shock serpent (Snake:2)
  The ghost of Domino the Cleaver, a novice MiBe of Trog (D:7)
  5 skeletal warriors
  An unseen horror (D:12)
  A lindwurm (Lair:6)
  A phantasmal warrior (D:11)
  An orange crystal statue (Gauntlet)
  3 naga ritualists
  4 mana vipers
  3 orc sorcerers
  An orc knight (Orc:2)
  A salamander (Snake:2)
  A cyclops (D:11)
  22 black mambas
  7 naga magi
  2 ice statues (IceCv)
  5 torpor snails (Lair:6)
  A centaur skeleton (D:11)
  Maggie (D:10)
  10 cane toads
  3 rime drakes
  2 freezing wraiths (D:11)
  7 komodo dragons
  9 ice devils (IceCv)
  3 trolls
  7 polar bears
  2 jumping spiders (Lair:1)
  4 tyrant leeches (Lair:6)
  5 slime creatures
  23 blink frogs
  6 hornets (Lair:6)
  2 shadows (D:11)
  7 wyverns
  A vampire (D:11)
  Sigmund (D:4)
  2 basilisks
  45 yaks
  A steam dragon (Lair:3)
  Menkaure (D:4)
  16 nagas
  An acid dragon (D:11)
  4 wargs
  14 hell hounds (Lair:6)
  A soldier ant (D:12)
  9 water moccasins
  7 black bears
  A hornet zombie (D:11)
  15 orc warriors
  3 sky beasts
  4 phantoms
  3 ice beasts
  34 ogres
  2 necrophages
  23 wolves
  4 centaurs
  A big kobold (D:9)
  Blork the orc (D:4)
  4 gnoll sergeants
  11 bullfrogs
  2 wyvern skeletons
  6 killer bees (D:7)
  A scorpion (D:7)
  11 wights
  2 howler monkeys
  4 bullfrog zombies
  3 jellies
  12 orc priests
  3 hounds
  21 orc wizards
  A bullfrog skeleton (D:12)
  3 iguanas
  A gnoll shaman (D:7)
  Natasha (thrice) (D:3)
  A statue (D:7)
  3 worker ants
  A hound zombie (D:9)
  A hound skeleton (D:7)
  24 gnolls
  A worker ant zombie (D:11)
  8 adders
  2 shadow imps
  24 white imps
  4 ufetubi
  An ooze (D:1)
  An adder skeleton (D:4)
  2 worms
  2 dart slugs (D:1)
  5 leopard geckos
  78 orcs
  14 bats
  3 giant cockroaches
  12 goblins
  9 hobgoblins
  8 jackals
  6 quokkas
  2 ball pythons
  2 frilled lizards
  15 kobolds
  A leopard gecko skeleton (D:5)
  2 quokka skeletons
  4 rats
  A butterfly (Lair:3)
720 creatures vanquished.

Vanquished Creatures (collateral kills)
  An ogre mage (Orc:2)
  2 two-headed ogres (Orc:2)
  A naga sharpshooter (Snake:2)
  A naga mage (Snake:2)
  2 black mambas
  A warg (Lair:6)
  2 black bears (Lair:6)
  2 orc warriors (Orc:2)
  5 ogres (Orc:2)
  3 wolves (Lair:6)
  An orc priest (Orc:2)
  2 jellies (D:9)
  3 orcs (Orc:2)
26 creatures vanquished.

Vanquished Creatures (others)
  A gnoll sergeant (D:7)
  A gnoll (D:7)
  4 white imps (IceCv)
  4 ufetubi (IceCv)
  30 fungi
  77 plants
117 creatures vanquished.

Grand Total: 863 creatures vanquished

Notes
Turn   | Place    | Note
-------+----------+-------------------------------------------
     0 | D:1      | erker the Octopode Transmuter began the quest for the Orb.
     0 | D:1      | Reached XP level 1. HP: 13/13 MP: 3/3
   136 | D:1      | Reached XP level 2. HP: 11/18 MP: 5/5
   672 | D:1      | Reached XP level 3. HP: 20/23 MP: 4/6
  1276 | D:1      | Reached skill level 1 in Stealth
  1696 | D:2      | Reached XP level 4. HP: 28/28 MP: 4/7
  2427 | D:2      | Found a stormy altar of Qazlal.
  2699 | D:2      | Found a white marble altar of Elyvilon.
  2721 | D:2      | Became a worshipper of Elyvilon the Healer
  2999 | D:3      | Found a shadowy altar of Dithmenos.
  3080 | D:3      | Noticed Natasha
  3088 | D:3      | Killed Natasha
  3089 | D:3      | Reached XP level 5. HP: 23/33 MP: 5/8
  3096 | D:3      | Learned a level 4 spell: Ice Form
  3181 | D:3      | Noticed Natasha
  3187 | D:3      | Killed Natasha
  3219 | D:3      | Noticed Natasha
  3232 | D:3      | Killed Natasha
  3351 | D:3      | Reached XP level 6. HP: 17/38 MP: 4/10
  3730 | D:3      | Reached * piety under Elyvilon
  3845 | D:3      | Reached skill level 1 in Ice Magic
  4416 | D:4      | Noticed Sigmund
  4459 | D:4      | Noticed Blork the orc
  4566 | D:4      | Reached skill level 5 in Unarmed Combat
  4567 | D:4      | Noticed Menkaure
  4581 | D:4      | Killed Menkaure
  4582 | D:4      | Reached XP level 7. HP: 11/43 MP: 4/11
  4721 | D:4      | Killed Blork the orc
  5294 | D:4      | Found Ocesiy's Antique Weapon Boutique.
  5464 | D:4      | Found Voarch's Antique Armour Emporium.
  5648 | D:5      | Entered Level 5 of the Dungeon
  5757 | D:5      | Reached skill level 3 in Transmutations
  6472 | D:5      | Reached ** piety under Elyvilon
  6549 | D:5      | Reached XP level 8. HP: 41/50 MP: 8/12
  7189 | D:6      | Found a staircase to the Ecumenical Temple.
  7196 | Temple   | Entered the Ecumenical Temple
  7423 | Temple   | Fell from the grace of Elyvilon
  7423 | Temple   | Became a worshipper of Cheibriados the Contemplative
  7898 | D:6      | Reached skill level 4 in Transmutations
  8675 | D:7      | Noticed a wyvern
  8698 | D:7      | Reached * piety under Cheibriados
  8699 | D:7      | Reached skill level 5 in Transmutations
  8703 | D:7      | Killed a wyvern
  8704 | D:7      | Reached skill level 5 in Ice Magic
  9155 | D:7      | Found a transporter.
  9176 | D:7      | Noticed Domino's ghost (novice MiBe)
  9179 | D:7      | Reached skill level 6 in Transmutations
  9219 | D:7      | Reached XP level 9. HP: 30/54 MP: 8/13
  9365 | D:7      | Found a transporter.
  9375 | D:7      | Identified the ring of Ixerharr {rPois rN+}
  9382 | D:7      | Identified the +2 spear of Immorality {elec, rF+ rC- MP+9}
  9382 | D:7      | Identified the cursed +1 ring mail "Waset" {Stlth+}
  9455 | D:7      | Noticed a two-headed ogre
  9460 | D:7      | Found an ornate altar of the Wu Jian Council.
  9923 | D:7      | Found a radiant altar of Vehumet.
 10031 | D:7      | Reached skill level 1 in Invocations
 10314 | D:8      | Reached ** piety under Cheibriados
 10597 | D:8      | Noticed a two-headed ogre
 10678 | D:8      | Found a glowing golden altar of the Shining One.
 10681 | D:8      | Found a hide-covered altar of Uskayaw.
 11300 | D:9      | Found a staircase to the Lair.
 11450 | D:9      | Reached *** piety under Cheibriados
 11480 | D:9      | Found a staircase to the Orcish Mines.
 11801 | D:9      | Found a runed translucent gate.
 11801 | D:9      | Found a runed translucent gate.
 11801 | D:9      | Found a runed translucent gate.
 11851 | D:9      | Noticed Soul3d's ghost (novice DEIE)
 11855 | D:9      | Found a viscous altar of Jiyva.
 11881 | D:9      | Found a hazy altar of Hepliaklqana.
 11972 | D:9      | Reached skill level 7 in Transmutations
 12130 | D:9      | Reached XP level 10. HP: 63/63 MP: 8/16
 12274 | D:9      | Got an encrusted trident
 12417 | D:9      | Reached **** piety under Cheibriados
 12881 | D:10     | Entered Level 10 of the Dungeon
 12971 | D:10     | Noticed Snorg
 13023 | D:10     | Learned a level 1 spell: Apportation
 13189 | D:10     | Noticed Maggie
 13324 | D:10     | Reached skill level 1 in Translocations
 13417 | D:10     | Found a runed translucent door.
 13519 | D:10     | Reached skill level 8 in Transmutations
 13614 | Lair:1   | Entered Level 1 of the Lair of Beasts
 13623 | Lair:1   | Noticed a five-headed hydra
 13636 | Lair:1   | Noticed a cane toad
 13638 | Lair:1   | Killed a five-headed hydra
 13639 | Lair:1   | Reached skill level 5 in Stealth
 13651 | Lair:1   | Killed a cane toad
 14168 | Lair:1   | Reached skill level 5 in Dodging
 14385 | Lair:1   | Found a runed translucent door.
 14424 | Lair:1   | Reached XP level 11. HP: 69/69 MP: 12/17
 14435 | Lair:1   | Reached skill level 5 in Invocations
 14966 | Lair:1   | Got an ichor-stained quarterstaff
 15710 | Lair:2   | Noticed a catoblepas
 16027 | Lair:2   | Noticed Urug
 16028 | Lair:2   | Reached ***** piety under Cheibriados
 16038 | Lair:2   | Killed Urug
 16087 | Lair:2   | Reached skill level 10 in Ice Magic
 16260 | Lair:2   | Noticed Qeibes's ghost (journeyman SpEn)
 16261 | Lair:2   | Found a transporter.
 16466 | Lair:2   | Noticed a catoblepas
 16488 | Lair:2   | Found a staircase to the Snake Pit.
 16495 | Lair:2   | Found a transporter.
 16974 | Lair:3   | Noticed a catoblepas
 16985 | Lair:3   | Killed a catoblepas
 16986 | Lair:3   | Reached skill level 9 in Transmutations
 16986 | Lair:3   | Reached XP level 12. HP: 42/74 MP: 6/18
 17243 | Lair:3   | Found a staircase to the Shoals.
 17640 | Orc:1    | Entered Level 1 of the Orcish Mines
 17640 | Orc:1    | Found a frozen archway.
 17690 | IceCv    | Entered an ice cave
 17744 | IceCv    | Reached skill level 10 in Transmutations
 18135 | IceCv    | Reached skill level 5 in Fighting
 18581 | IceCv    | Noticed a reaper
 18586 | IceCv    | Killed a reaper
 18589 | IceCv    | Found the +8 demon blade "Leech" {vamp, *Rage +Rage rN+}
 19388 | D:10     | Noticed MisterFreud's ghost (journeyman GnAK)
 19591 | D:11     | Reached skill level 1 in Shields
 19651 | D:11     | Noticed a boulder beetle
 19671 | D:11     | Killed a boulder beetle
 19996 | D:11     | Reached skill level 1 in Evocations
 20375 | D:11     | Noticed a death knight
 20507 | Lair:1   | Got a pitted whip
 20508 | Lair:1   | Noticed a boulder beetle
 20626 | Lair:1   | Killed a boulder beetle
 21068 | Lair:3   | Reached XP level 13. HP: 83/83 MP: 16/20
 21080 | Lair:3   | Reached skill level 5 in Spellcasting
 24855 | Lair:5   | Reached skill level 10 in Unarmed Combat
 25214 | Lair:6   | Entered Level 6 of the Lair of Beasts
 25214 | Lair:6   | Found a viscous altar of Jiyva.
 25214 | Lair:6   | Found a staircase to the Slime Pits.
 25240 | Lair:6   | Found a gate leading to a gauntlet.
 25385 | Gauntlet | Entered a Gauntlet
 25385 | Gauntlet | Found a transporter.
 25388 | Gauntlet | Found a transporter.
 25389 | Gauntlet | Found a transporter.
 25390 | Gauntlet | Found a transporter.
 25411 | Gauntlet | Found a transporter.
 25413 | Gauntlet | Found a large runed translucent door.
 25413 | Gauntlet | Found a large runed translucent door.
 25414 | Gauntlet | Found a large runed translucent door.
 25414 | Gauntlet | Found a large runed translucent door.
 25415 | Gauntlet | Found a large runed translucent door.
 25415 | Gauntlet | Found a large runed translucent door.
 25415 | Gauntlet | Found a runed translucent door.
 25415 | Gauntlet | Found a runed translucent door.
 25416 | Gauntlet | Found a large runed translucent door.
 25416 | Gauntlet | Found a large runed translucent door.
 25417 | Gauntlet | Found a large runed translucent door.
 25417 | Gauntlet | Found a large runed translucent door.
 25418 | Gauntlet | Found a large runed translucent door.
 25418 | Gauntlet | Found a large runed translucent door.
 25419 | Gauntlet | Found a runed translucent gate.
 25419 | Gauntlet | Found a runed translucent gate.
 25419 | Gauntlet | Found a runed translucent gate.
 25421 | Gauntlet | Found a transporter.
 25431 | Gauntlet | Found a large runed translucent door.
 25432 | Gauntlet | Found a large runed translucent door.
 25440 | Gauntlet | Found a runed translucent gate.
 25441 | Gauntlet | Found a transporter.
 25441 | Gauntlet | Found a runed translucent gate.
 25442 | Gauntlet | Found a large runed translucent door.
 25442 | Gauntlet | Found a large runed translucent door.
 25445 | Gauntlet | Found a runed translucent gate.
 25447 | Gauntlet | Found a transporter.
 25481 | Gauntlet | Found a transporter.
 25487 | Gauntlet | Found a transporter.
 25489 | Gauntlet | Found a transporter.
 25490 | Gauntlet | Noticed a death ooze
 25493 | Gauntlet | Found a runed translucent door.
 25493 | Gauntlet | Found a runed translucent door.
 25500 | Gauntlet | Found a transporter.
 25609 | Gauntlet | Learned a level 5 spell: Blade Hands
 25618 | Gauntlet | Identified a scroll of acquirement
 25619 | Gauntlet | Acquired the Papyrus of Flight
 25626 | Gauntlet | Learned a level 4 spell: Summon Lightning Spire
 25655 | Gauntlet | Gained mutation: You tend to lose your temper in combat. [a
                  | shining eye]
 25678 | Gauntlet | Got a clouded granite ring
 25679 | Gauntlet | Identified the ring of Sunlight {*Tele Will+ Str+3 Dex-3
                  | SInv} (You found it in a Gauntlet)
 25758 | Gauntlet | Reached skill level 1 in Summonings
 25758 | Gauntlet | Reached skill level 1 in Air Magic
 25758 | Gauntlet | Killed a death ooze
 25853 | Gauntlet | Noticed a minotaur
 25864 | Gauntlet | Killed a minotaur
 25892 | Gauntlet | Identified the cursed +3 whip of the Vine {flame, *Corrode
                  | Str+5 Int+4} (You found it on level 1 of the Lair of
                  | Beasts)
 25952 | Gauntlet | Learned a level 2 spell: Poisonous Vapours
 25956 | Gauntlet | Learned a level 3 spell: Mephitic Cloud
 26181 | Lair:6   | Reached skill level 1 in Poison Magic
 26259 | Lair:6   | Reached skill level 1 in Conjurations
 26315 | Lair:6   | Acquired the ring "Avumuash" {rF+ Str+4 Int+3}
 26410 | Lair:6   | Found a runed translucent door.
 26410 | Lair:6   | Noticed a fire dragon
 26429 | Lair:6   | Killed a fire dragon
 26430 | Lair:6   | Reached XP level 14. HP: 67/94 MP: 20/23
 26786 | Lair:6   | Reached ****** piety under Cheibriados
 27271 | Lair:6   | Acquired the ring "Mefif" {Slay+3 Stlth+}
 28637 | Snake:1  | Entered Level 1 of the Snake Pit
 28983 | Snake:1  | Found Vudgh's General Store.
 29328 | Snake:1  | Learned a level 7 spell: Dragon Form
 30111 | Snake:2  | Got a wavering steel ring
 30112 | Snake:2  | Identified the ring "Qoezat" {*Tele rPois Will+} (You found
                  | it on level 2 of the Snake Pit)
 30142 | Snake:2  | Reached skill level 11 in Transmutations
 30666 | Snake:2  | Found a transporter.
 30739 | Snake:2  | Noticed Wekaw's ghost (adept DECj)
 30743 | Snake:2  | Reached skill level 12 in Transmutations
 30873 | Snake:2  | Identified the +10 trident "Iwnys" {freeze, +Fly rElec rC-}
                  | (You found it on level 9 of the Dungeon)
 30923 | Snake:2  | Found a transporter.
 30948 | Snake:2  | Found a shimmering altar of Xom.
 30954 | Snake:2  | Noticed a nagaraja
 30997 | Snake:2  | Killed a nagaraja
 30998 | Snake:2  | Reached XP level 15. HP: 99/99 MP: 27/27
 31060 | Snake:2  | Noticed a nagaraja
 31068 | Snake:2  | Noticed a nagaraja
 31070 | Snake:2  | Killed a nagaraja
 31075 | Snake:2  | Killed a nagaraja
 31739 | Snake:2  | Killed Wekaw's ghost
 31895 | Snake:2  | Learned a level 6 spell: Freezing Cloud
 32054 | Orc:1    | Paralysed by an orc sorcerer for 4 turns
 32090 | Orc:1    | Gained mutation: You have a pair of small antennae on your
                  | head. [a neqoxec]
 32645 | Orc:1    | Found a roughly hewn altar of Beogh.
 32744 | Orc:2    | Entered Level 2 of the Orcish Mines
 32761 | Orc:2    | Reached skill level 10 in Spellcasting
 33177 | Orc:2    | Found a staircase to the Elven Halls.
 33187 | Orc:2    | Reached skill level 5 in Conjurations
 33357 | Orc:2    | Found Yssa's General Store.
 33357 | Orc:2    | Found Ovoir's Distillery.
 33357 | Orc:2    | Found Puxtai's Book Boutique.
 33357 | Orc:2    | Found Vuntosar's Book Emporium.
 33596 | Orc:2    | Bought a book of Transfigurations for 715 gold pieces
 33605 | Orc:2    | Learned a level 6 spell: Statue Form
 33933 | D:9      | Reached skill level 1 in Earth Magic
 33934 | D:9      | Killed Soul3d's ghost
 34085 | D:4      | Killed Sigmund
 34654 | D:6      | You are sucked into a shaft and drop 2 floors!
 35013 | D:6      | Found a sacrificial altar of Ru.
 35118 | D:7      | Paralysed by a gnoll for 5 turns
 35168 | D:7      | Killed Domino's ghost
 35556 | D:8      | Reached XP level 16. HP: 107/107 MP: 23/30
 35765 | D:10     | Killed MisterFreud's ghost
 35857 | D:10     | Killed Maggie
 35887 | D:10     | Killed Snorg
 35971 | D:11     | Reached skill level 5 in Earth Magic
 36795 | D:12     | Found Bueqof's Magic Scroll Shop.
 36798 | D:12     | Bought a scroll of noise for 17 gold pieces
 36798 | D:12     | Bought a scroll of random uselessness for 17 gold pieces
 36798 | D:12     | Bought a scroll of blinking for 127 gold pieces
 36798 | D:12     | Bought a scroll of fog for 34 gold pieces
 37325 | D:13     | Shot with an arrow by a centaur warrior

Illustrated notes

Levels and vault maps discovered:
D:1:      dpeg_arrival_brainrot, layout_loops_ring, minmay_nonomino_d4
D:2:      layout_loops_ring, marbit_many_paths, lemuel_coloured_pillars_altar
D:3:      layout_basic, nicolae_overflow_crystal_walls, uniq_natasha
D:4:      layout_cave_pools, serial_shops, kennysheep_mini,
          nicolae_shop_behind_doors, lemuel_old_faithful, uniq_blork_the_orc,
          uniq_sigmund, uniq_menkaure
D:5:      layout_basic, minivault_27, minmay_misc_feat_rugged
D:6:      layout_cave_pods, nicolae_ru_the_path_less_chosen,
          minmay_temple_entry_purple_smoke, minmay_misc_feat_square
D:7:      layout_loops_cross, lemuel_doored_altar, vehumet_statue,
          gammafunk_ghost_gnarly_gnolls
D:8:      layout_rooms, grunt_temple_overflow_open,
          chequers_serial_rivers_micro_a
D:9:      layout_loops_corners, kennysheep_little_box, lair_entry_dummy,
          hiddenorc1_lemuel, gammafunk_ghost_ooze
D:10:     layout_loops_cross, ebering_ghost_reflecting_pool, uniq_maggie,
          uniq_snorg
D:11:     layout_cave_pools
D:12:     layout_roguey, serial_shops, kennysheep_mini_moat
D:13:     nzn_winding_woodlands_small [nzn_winding_woodlands_5x15_twine,
          nzn_winding_woodlands_center_triple_pond,
          nzn_winding_woodlands_5x15_lazy_stream], layout_rooms, david_vaults_2
Temple:   nicolae_temple_figure_eight
Lair:1:   gammafunk_indiana_jones, layout_regular_city, minmay_holes,
          beast_lair_carwin_7
Lair:2:   layout_hall_layers, dummy_snake_entry, nzn_ghost_randoct,
          serial_bayou_shore_a, uniq_urug
Lair:3:   layout_chaotic_city, elwin_shoals_entry_rocks,
          cheibrodos_lair_reptile_den, lemuel_fruit_fields,
          minmay_lair_oklob_chamber, lemuel_fruit_tree
Lair:4:   layout_roguey
Lair:5:   layout_loops_ring
Lair:6:   hangedman_lair_caniforms_friends, layout_gridlike, wormcave,
          slime_altar_1, gauntlet_entry_generic
Snake:1:  layout_cave_shapes, grunt_megastairs_3, minmay_shop_star
Snake:2:  layout_onion, basic_altar, gammafunk_ghost_arena
Orc:1:    layout_caves, portal_ice_cave_entry_imps, abandoned_shop,
          nicolae_orc_lava_tube, bh_open_orc_temple
Orc:2:    st_orc_ogre_mass, layout_diamond_mine

Skill      XL: |  1  2  3  4  5  6  7  8  9 10 11 12 13 14 15 16 |
---------------+-------------------------------------------------+-----
Unarmed Combat | 4 5 6 8 10 | 10.0
Stealth        | 1 2 3 4 8 |  8.0
Ice Magic      | 1 3 6 7 8 10 | 10.0
Dodging        | 3 4 6 8 |  8.0
Spellcasting   | 3 4 6 8 10 | 10.0
Transmutations | 3 6 7 8 9 10 12 | 12.0
Fighting       | 3 4 6 8 |  8.8
Invocations    | 4 6 7 8 |  8.0
Translocations | 2 |  2.0
Shields        | 4 |  4.0
Evocations     | 4 |  4.0
Summonings     | 3 4 |  4.0
Air Magic      | 3 4 |  4.0
Poison Magic   | 2 4 |  4.0
Conjurations   | 1 4 8 |  8.0
Earth Magic    | 3 7 |  7.6

Action                   |  1- 3 |  4- 6 |  7- 9 | 10-12 | 13-15 | 16-18 || total
-------------------------+-------+-------+-------+-------+-------+-------++-------
Melee: Unarmed           |    88 |   120 |   370 |   515 |   642 |    76 ||  1811
       Constrict         |    29 |    33 |    53 |    14 |    34 |     2 ||   165
       Tentacles         |    15 |    22 |    39 |    23 |    57 |     2 ||   158
       Kick              |    12 |    14 |    34 |       |       |       ||    60
       Punch             |       |     3 |     9 |    11 |    34 |     6 ||    63
       Tailslap          |       |       |       |       |    36 |    12 ||    48
       Bite              |       |       |       |       |    25 |     7 ||    32
       Staff             |       |       |       |       |     3 |     3 ||     6
Throw: Dart              |       |       |     7 |    31 |     5 |       ||    43
 Cast: Beastly Appendage |    11 |    17 |    21 |       |       |       ||    49
       Ice Form          |       |       |    21 |    42 |    24 |       ||    87
       Apportation       |       |       |       |     6 |     2 |       ||     8
       Blade Hands       |       |       |       |       |    26 |       ||    26
       Summon Lightning  |       |       |       |       |    35 |     1 ||    36
       Dragon Form       |       |       |       |       |    38 |    11 ||    49
       Freezing Cloud    |       |       |       |       |     1 |       ||     1
       Statue Form       |       |       |       |       |     1 |       ||     1
Invok: Lesser Healing    |       |     1 |       |       |       |       ||     1
       Bend Time         |       |       |       |     6 |     1 |     1 ||     8
       Slouch            |       |       |       |     2 |     3 |       ||     5
       Temporal Distorti |       |       |       |     1 |       |       ||     1
 Abil: End Transformatio |       |       |     1 |       |       |     1 ||     2
       Breathe Fire      |       |       |       |       |     2 |       ||     2
Evoke: Wand              |       |       |    17 |    15 |     4 |       ||    36
       Lightning rod     |       |       |       |     4 |       |       ||     4
  Use: Potion            |     1 |     1 |     4 |     7 |     7 |     2 ||    22
       Scroll            |       |       |    10 |     7 |    16 |     1 ||    34
 Stab: Sleeping          |     7 |     6 |     9 |    13 |    14 |     5 ||    54
       Distracted        |       |       |     2 |     1 |     6 |       ||     9
       Invisible         |       |       |       |       |     3 |       ||     3
Armor: Skin              |    19 |     5 |    68 |   100 |   149 |    43 ||   384
Dodge: Dodged            |    63 |    90 |   212 |   272 |   424 |    39 ||  1100
Block: Buckler           |       |       |       |     7 |    15 |     1 ||    23
       Other             |       |       |       |       |       |    10 ||    10
